 Dungeon Crawl Stone Soup version 0.28.0-53-g5a82cb258f (webtiles) character file.

Game seed: 15970779136660839997

133 wingedge the Skirmisher (level 4, -31/37 HPs)
             Began as a Demonspawn Chaos Knight on June 7, 2022.
             Was a Plaything of Xom.
             Annihilated by an ogre
             ... wielding a +0 giant spiked club
              (36 damage)
             ... on level 3 of the Dungeon.
             The game lasted 00:08:58 (2971 turns).

wingedge the Skirmisher (Demonspawn Chaos Knight)   Turns: 2971, Time: 00:08:58

Health: -31/37     AC:  7    Str: 14    XL:     4   Next: 93%
Magic:  4/4        EV: 11    Int: 17    God:    Xom [.....*]
Gold:   934        SH:  0    Dex: 13    Spells: 2/3 levels left

rFire   . . .      SeeInvis .   a - +0 spear (chaos)
rCold   . . .      Faith    .   (no shield)
rNeg    . . .      Spirit   .   b - +2 leather armour
rPois   +          Reflect  .   (no helmet)
rElec   .          Harm     .   h - +0 cloak
rCorr   .          Rampage  .   (no gloves)
Will    +....                   (no boots)
Stlth   +.........              (no amulet)
HPRegen 0.12/turn               (no ring)
MPRegen 0.09/turn               (no ring)

@: no status effects
A: claws 1, big brain 1, clever 1, strong-willed 1, poison resistance, shaggy
fur 1, MP-powered wands
a: Renounce Religion


You were on level 3 of the Dungeon.
You worshipped Xom.
You were Xom's teddy bear.
You visited 1 branch of the dungeon, and saw 3 of its levels.

You collected 934 gold pieces.

Inventory:

Hand Weapons
 a - a +0 spear of chaos (weapon)
Missiles
 k - 42 bolts
 p - 2 javelins (quivered)
Armour
 b - a +2 leather armour (worn)
 d - a +0 scale mail
 h - a +0 cloak (worn)
Magical Staves
 m - a staff of earth
Scrolls
 c - a scroll of teleportation {unknown}
 f - a scroll of vulnerability {unknown}
 g - 4 scrolls of identify {unknown}
 n - a scroll of enchant armour {unknown}
 o - a scroll of immolation {unknown}
Potions
 e - a potion of ambrosia {unknown}
 i - a potion of attraction {unknown}
 j - a potion of heal wounds {unknown}
 l - a potion of mutation {unknown}


   Skills:
 - Level 4.0 Fighting
 + Level 3.7 Polearms
 - Level 2.0 Armour
 - Level 1.0 Dodging
 + Level 0.3 Spellcasting
 * Level 1.0 Necromancy
 + Level 1.6 Evocations


You had 2 spell levels left.
You knew the following spells:

 Your Spells              Type           Power      Damage    Failure   Level
a - Pain                  Necr           12%        1d4       19%         1

Your spell library contained the following spells:

 Spells                   Type           Power      Damage    Failure   Level
 Animate Skeleton         Necr           6%         N/A       19%         1
 Vampiric Draining        Necr           3%         2d6       50%         3
 Gell's Gravitas          Tloc           0%         N/A       63%         3
 Lesser Beckoning         Tloc           0%         N/A       63%         3
 Teleport Other           Tloc           0%         N/A       63%         3


Dungeon Overview and Level Annotations

Branches:
Dungeon (3/15)

Altars:
Xom


Innate Abilities, Weirdness & Mutations

You have sharp fingernails.
You have an unusually large brain. (Int +2)
Your mind is acute. (Int +2)
You are strong-willed. (Will+)
Your system is resistant to poisons. (rPois)
You are covered in fur. (AC +1)
You expend magic power (3 MP) to strengthen your wands.


Message History

The orc priest is almost dead.
The orc priest closely misses you.
You hit the orc priest.
You kill the orc priest!
Your Necromancy skill increases to level 1!
You see here a +0 club.
You start resting.
HP restored.
Memorise Pain, consuming 1 spell level and leaving 2?
You start memorising the spell.
You continue memorising.
You finish memorising.
Spell assigned to 'a'.
There is a stone staircase leading down here.
You climb downwards.
You hear the sound of rushing water.
There is an entrance to a sewer on this level.
Hurry and find it before the portal rusts away!
You hear the rapid rusting of a very distant drain.
There is a stone staircase leading up here.
Reach: a) +0 spear (chaos)
Press: ? - help, Dir - move target, f - ogre
Aim: an ogre, wielding a +0 giant spiked club (about 23% to evade your +0 spear of chaos)
You reach to attack!
You hit the ogre.
The ogre goes berserk!
The ogre is lightly wounded.
The ogre closely misses you.
You hit the ogre but do no damage.
The ogre is lightly wounded.
The ogre hits you with a +0 giant spiked club!!
Ouch! That really hurt!
* * * LOW HITPOINT WARNING * * *
Okay, then.
Okay, then.
You hit the ogre.
The ogre suddenly seems more agile.
Xom thinks this is hilarious!
The ogre is moderately wounded.
The ogre closely misses you.
You hit the ogre.
The ogre flickers and vanishes!
Deactivating autopickup; reactivate with Ctrl-A.
Something hits you!!!
Ouch! That really hurt!
You die...
Xom laughs nastily!

..........
.........#
........b#
#......#
#...).######
#........
#.###############
#{###....<.......
#.@...###########
#######


There were no monsters in sight!

Vanquished Creatures
  An orc priest (D:2)
  5 adders (D:2)
  A worm (D:2)
  A dart slug (D:1)
  2 orcs
  3 ball pythons
  6 endoplasms
  2 giant cockroaches (D:1)
  6 hobgoblins
  4 jackals
  A quokka (D:2)
  3 bats (D:2)
  5 frilled lizards
  4 goblins
  3 kobolds
  A rat (D:2)
48 creatures vanquished.

Notes
Turn   | Place    | Note
-------+----------+-------------------------------------------
     0 | D:1      | wingedge the Demonspawn Chaos Knight began the quest for
                  | the Orb.
     0 | D:1      | Reached XP level 1. HP: 18/18 MP: 1/1
    31 | D:1      | XOM: potion effect (brilliance)
    44 | D:1      | Found a faded altar of an unknown god.
    44 | D:1      | Noticed a green death
    47 | D:1      | XOM: divination: magic mapping
    55 | D:1      | Reached skill level 1 in Dodging
   453 | D:1      | XOM: cloud trail
   503 | D:1      | Gained mutation: You have sharp fingernails. [demonic
                  | ancestry]
   503 | D:1      | Reached XP level 2. HP: 24/24 MP: 2/2
  1109 | D:1      | XOM: god gift: 868 gold pieces
  1243 | D:1      | XOM: give mutation
  1243 | D:1      | Gained mutation: You expend magic power (3 MP) to
                  | strengthen your wands. [Xom's grace]
  1411 | D:2      | XOM: scenery: create altars
  1420 | D:2      | Reached XP level 3. HP: 26/29 MP: 3/3
  1482 | D:2      | XOM: god gift: staff of earth
  1589 | D:2      | XOM: 3-stop teleportation journey
  1671 | D:2      | Reached skill level 1 in Evocations
  1706 | D:2      | Gained mutation: You have an unusually large brain. (Int
                  | +2) [demonic ancestry]
  1706 | D:2      | Reached XP level 4. HP: 35/37 MP: 4/4
  1844 | D:2      | XOM: give mutations
  1844 | D:2      | Gained mutation: Your system is resistant to poisons.
                  | (rPois) [Xom's grace]
  1844 | D:2      | Gained mutation: You are covered in fur. (AC +1) [Xom's
                  | grace]
  1844 | D:2      | Gained mutation: Your mind is acute. (Int +2) [Xom's grace]
  1844 | D:2      | Gained mutation: You are strong-willed. (Will+) [Xom's
                  | grace]
  2135 | D:2      | XOM: scenery: summon butterflies
  2321 | D:3      | XOM: noise
  2335 | D:3      | XOM: butterfly on damage
  2337 | D:3      | Noticed an ogre
  2341 | D:3      | Reached skill level 4 in Fighting
  2422 | D:2      | XOM: scenery: summon butterflies
  2522 | D:2      | XOM: god gift: book of Necromancy
  2648 | D:2      | XOM: scenery: create altars
  2763 | D:2      | Reached skill level 1 in Necromancy
  2965 | D:2      | Learned a level 1 spell: Pain
  2971 | D:3      | Annihilated by an ogre

Illustrated notes

Levels and vault maps discovered:
D:1:      lemuel_arrival_room, layout_basic,
          dreamdust_ecumenical_altar_sealed_demon, st_stairs_6
D:2:      layout_loops_ring
D:3:      layout_loops_ring, serial_shops, nicolae_diamond_shop,
          portal_sewer_entry_f

Skill      XL: |  1  2  3  4 |
---------------+-------------+-----
Dodging        | 1 |  1.0
Polearms       | 3 |  3.7
Evocations     | 1 |  1.6
Fighting       | 4 |  4.0
Armour         | 2 |  2.0
Necromancy     | 1 |  1.0
Spellcasting   | |  0.3

Action                   |  1- 3 |  4- 6 || total
-------------------------+-------+-------++-------
Melee: Spear             |   121 |    63 ||   184
       Punch             |     1 |       ||     1
 Stab: Sleeping          |     1 |     2 ||     3
Armor: Leather armour    |    47 |    15 ||    62
Dodge: Dodged            |    54 |    35 ||    89
